Map: [ESL] Alcyone

Players

MCanning

  • Race: Protoss Protoss
  • Spawn Location: 7:00

eGGz - Winner!

  • Race: Zerg Zerg
  • Spawn Location: 1:00

Event: ESL SC2 Masters 2024 Spring (Regional)

VOD

Have the link to the VOD?

Description

Time

  • Played on: April 14, 2024, 11:58 a.m.
  • Length: 9:49

All games in this series

Show
View Real Time Build Order
Export as new Build Order

MCanning Protoss 

Build Orders: 1 Gate Expand, Oracle Opening 

Get SALT Encoding   

  12  0:00  Probe  
  13  0:12  Probe  
  14  0:20  Pylon  
  14  0:24  Probe  
  15  0:38  Probe (Chrono Boost), Gateway  
  16  0:48  Assimilator  
  16  0:49  Probe (Chrono Boost)  
  17  0:53  Probe (Chrono Boost)  
  18  1:04  Probe  
  19  1:16  Probe  
  20  1:24  Nexus  
  20  1:32  Cybernetics Core  
  20  1:34  Probe  
  21  1:40  Assimilator  
  21  1:47  Probe (Chrono Boost)  
  22  1:51  Pylon  
  22  1:59  Probe (Chrono Boost)  
  23  2:06  Adept (Chrono Boost)  
  23  2:08  Probe (Chrono Boost)  
  26  2:18  Stargate, Probe  
  27  2:29  Stalker  
  29  2:30  Probe  
  30  2:37  Warp Gate  
  30  2:40  Probe  
  30  2:43  Probe (Chrono Boost)  
  32  2:52  Probe (Chrono Boost)  
  34  3:00  Probe (Chrono Boost)  
  34  3:01  Probe (Chrono Boost)  
  39  3:06  Probe x2 (Chrono Boost)  
  39  3:07  Void Ray (Chrono Boost)  
  41  3:18  Probe x2  
  43  3:21  Gateway  
  43  3:26  Pylon  
  43  3:30  Shield Battery, Probe  
  44  3:40  Probe  
  45  3:43  Oracle (Chrono Boost)  
  48  3:48  Pylon  
  48  3:49  Probe  
  48  3:53  Probe  
  50  4:00  Pylon  
  50  4:03  Assimilator  
  50  4:07  Probe  
  50  4:08  Pylon  
  51  4:10  Oracle (Chrono Boost)  
  54  4:17  Nexus  
  54  4:23  Probe  
  55  4:29  Probe  
  55  4:35  Robotics Facility, Probe  
  55  4:36  Adept x2  
  60  4:39  Nexus  
  60  4:40  Pylon  
  60  4:41  Probe  
  61  4:47  Probe  
  61  4:51  Forge  
  62  4:53  Twilight Council, Probe  
  63  5:02  Sentry  
  63  5:07  Gateway  
  63  5:08  Probe, Gateway  
  63  5:10  Probe  
  65  5:20  Probe  
  66  5:22  Probe  
  66  5:25  Protoss Ground Weapons Level 1 (Chrono Boost)  
  66  5:27  Blink (Chrono Boost)  
  67  5:32  Probe  
  67  5:34  Probe  
  69  5:35  Shield Battery  
  69  5:36  Observer  
  70  5:44  Pylon  
  70  5:46  Probe (Chrono Boost)  
  70  5:48  Probe (Chrono Boost)  
  72  5:51  Probe (Chrono Boost)  
  72  5:53  Assimilator  
  74  6:01  Zealot  
  74  6:02  Probe x2 (Chrono Boost)  
  74  6:03  Stalker x3, Probe (Chrono Boost)  
  74  6:04  Observer (Chrono Boost)  
  84  6:07  Probe (Chrono Boost)  
  84  6:09  Probe  
  84  6:10  Probe  
  88  6:17  Probe, Gateway  
  89  6:19  Gateway  
  89  6:21  Probe, Gateway  
  89  6:22  Probe  
  91  6:27  Immortal (Chrono Boost)  
  91  6:29  Probe  
  96  6:33  Probe  
  96  6:34  Stalker x2, Probe  
  102  6:40  Assimilator  
  102  6:41  Probe  
  102  6:45  Probe  
  104  6:55  Immortal (Chrono Boost), Gateway x2  
  104  6:56  Pylon  
  104  6:58  Assimilator  
  108  7:05  Pylon  
  108  7:11  Templar Archives  
  108  7:13  Probe  
  108  7:19  Stalker x2  
  108  7:21  Charge  
  112  7:23  Photon Cannon  
  112  7:27  Stalker x2, Photon Cannon  
  116  7:31  Photon Cannon  
  116  7:33  Protoss Ground Weapons Level 2 (Chrono Boost)  
  116  7:37  Psionic Storm  
  116  7:38  Nexus  
  112  7:50  Stalker x2  
  116  7:51  Shield Battery  
  116  7:55  Sentry  
  114  8:02  Zealot, Pylon  
  116  8:10  Pylon, Photon Cannon  
  116  8:11  Pylon  
  116  8:13  Pylon  
  116  8:15  Pylon  
  116  8:21  High Templar, Immortal  
  116  8:24  Photon Cannon x2  
  122  8:27  Photon Cannon  
  122  8:28  Shield Battery  
  122  8:29  High Templar  
  124  8:35  Zealot x3  
  124  8:36  Pylon  
  124  8:38  High Templar  
  125  8:48  Stalker x2  
  125  8:49  Stalker  
  114  9:07  Stalker x3  
  120  9:18  Pylon, High Templar  
  120  9:21  Photon Cannon  
  122  9:29  Zealot x3  
  104  9:35  Zealot x3  
Show
View Real Time Build Order
Export as new Build Order

eGGz Zerg - Winner!

Build Orders: Hatch First 

Get SALT Encoding   

  12  0:00  Drone  
  13  0:12  Overlord  
  13  0:17  Drone  
  14  0:30  Drone  
  14  0:31  Drone  
  16  0:48  Hatchery  
  15  0:51  Drone  
  17  0:57  Drone  
  17  1:09  Spawning Pool  
  16  1:12  Drone  
  16  1:15  Drone  
  18  1:19  Extractor  
  18  1:20  Drone  
  18  1:29  Drone  
  19  1:44  Drone  
  20  1:58  Queen  
  20  1:59  Overlord  
  20  2:00  Queen  
  25  2:01  Zergling x2  
  25  2:03  Drone  
  26  2:11  Drone x2  
  28  2:21  Drone  
  28  2:22  Metabolic Boost, Drone  
  30  2:36  Hatchery  
  29  2:38  Zergling x2  
  29  2:41  Zergling x2  
  31  2:45  Overlord  
  31  2:49  Drone  
  32  2:54  Drone x2  
  34  3:01  Queen  
  36  3:05  Zergling x2  
  36  3:06  Zergling x2  
  36  3:11  Overlord  
  36  3:12  Zergling x4  
  40  3:17  Drone x2  
  40  3:18  Drone  
  43  3:20  Drone  
  43  3:24  Overlord  
  44  3:28  Overlord  
  44  3:34  Queen  
  44  3:38  Overlord  
  46  3:42  Zergling x2  
  46  3:47  Overlord  
  46  3:48  Drone x3  
  50  3:55  Drone x4  
  54  3:58  Drone  
  54  4:00  Drone x2  
  57  4:05  Evolution Chamber  
  55  4:11  Drone, Queen  
  55  4:15  Spore Crawler  
  58  4:17  Drone  
  58  4:22  Spore Crawler  
  58  4:23  Zergling x8  
  58  4:29  Drone x4  
  59  4:31  Drone  
  59  4:32  Drone  
  59  4:36  Zerg Melee Weapons Level 1  
  61  4:38  Drone  
  61  4:39  Extractor  
  61  4:40  Drone  
  61  4:43  Spore Crawler, Drone  
  61  4:45  Drone  
  61  4:46  Drone  
  61  4:47  Drone  
  61  4:52  Drone x2  
  66  4:53  Drone  
  66  4:55  Overlord  
  67  5:01  Overlord  
  67  5:02  Lair  
  67  5:04  Drone  
  67  5:05  Drone x2  
  69  5:08  Drone  
  69  5:09  Drone  
  71  5:18  Drone  
  71  5:19  Drone x3  
  74  5:21  Overlord  
  74  5:22  Drone x3  
  74  5:25  Extractor x2  
  74  5:26  Extractor x2  
  73  5:32  Drone x3  
  76  5:40  Hatchery  
  75  5:44  Drone  
  75  5:45  Evolution Chamber, Baneling Nest, Drone x5  
  79  5:50  Zergling x6  
  79  5:54  Overlord  
  79  5:55  Drone x4  
  86  6:03  Hydralisk Den  
  84  6:13  Zergling x14  
  91  6:23  Overlord  
  91  6:31  Overseer  
  91  6:33  Hydralisk x8  
  91  6:35  Zerg Melee Weapons Level 2, Zerg Missile Weapons Level 1  
  107  6:40  Grooved Spines  
  107  6:41  Zergling x10  
  111  6:48  Drone x4  
  111  6:50  Hatchery  
  111  6:51  Drone x2  
  116  6:56  Centrifugal Hooks  
  116  6:58  Zergling x2  
  116  6:59  Zergling x6  
  120  7:05  Overlord  
  120  7:11  Overlord x5  
  120  7:16  Overlord  
  120  7:20  Overlord  
  120  7:23  Extractor  
  120  7:24  Spore Crawler  
  120  7:28  Hydralisk x3  
  120  7:29  Hydralisk, Zergling x6  
  129  7:30  Zergling x2  
  129  7:31  Muscular Augments  
  129  7:34  Drone x3  
  129  7:47  Hydralisk x8  
  145  7:52  Overlord  
  145  7:54  Overseer  
  145  8:02  Baneling x8  
  145  8:03  Hydralisk x4  
  145  8:04  Zergling x4  
  155  8:07  Baneling x5  
  155  8:08  Zergling x2  
  156  8:16  Baneling x6  
  156  8:17  Zergling x12  
  162  8:23  Baneling x6  
  162  8:24  Zergling x6  
  165  8:33  Zergling x2  
  165  8:34  Zergling x12, Infestation Pit  
  164  8:54  Zergling x40  
  173  9:08  Hydralisk x7  
  178  9:15  Zergling x6  
  180  9:28  Zergling x2  
  180  9:29  Zergling x26  
Tags
 
Add a new tag
Caveats
  • Supply blocks, unpowered buildings, or Contaminate may cause inaccurate times.
  • Supply counts are checked every 10 seconds.